AoeStats
← Philip Morris

Fortress

510510212Analyzed
1v1 RM · 10h ago on Oct 1, 2026· 37m 44s· 2 players
Game mode
Random Map
Map size
Small (3 player)
Population
200
Speed
Normal
Resources
Standard
Victory
Conquest
Starting age
Dark Age
Ending age
Imperial Age
RankedLock teamsTeams togetherTeam positionsShared explorationLock speedFull tech treeHidden civsTurbo modeCheats
Victory
Defeat
🇸🇰 Mongols · Slovakia
1201
+18
🇦🇷 Italians · Argentina
1239
-18
Philip Morris
4:31 Loom
6:19 Feudal Age
7:06 Double-Bit Axe
7:10 Horse Collar
8:27 Loom
11:10 Castle Age
9:52 Loom
9:58 Horse Collar
12:10 Bow Saw
12:16 Heavy Plow
16:43 Fletching
17:48 Padded Archer Armor
17:47 Elite Skirmisher
19:06 Leather Archer Armor
20:35 Wheelbarrow
20:00 Bodkin Arrow
20:22 Town Watch
20:43 Pikeman
23:19 Thumb Ring
26:28 Ballistics
30:06 Imperial Age
27:42 Town Patrol
27:53 Murder Holes
27:31 Light Cavalry
28:22 Bloodlines
29:01 Forging
28:57 Scale Barding Armor
29:28 Scale Mail Armor
30:33 Iron Casting
30:02 Husbandry
30:55 Chain Barding Armor
31:22 Pirotechnia
32:14 Chemistry
31:50 Crossbowman
33:40 Blast Furnace
35:53 Gold Mining
35:54 Stone Mining
36:42 Bracer
37:44 Masonry
Enjoyoyooy
7:47 Feudal Age
7:52 Feudal Age
12:04 Castle Age
10:29 Double-Bit Axe
10:56 Horse Collar
11:56 Gold Mining
14:21 Loom
15:30 Bow Saw
15:24 Heavy Plow
16:09 Fletching
24:27 Bodkin Arrow
25:50 Padded Archer Armor
26:49 Ballistics
27:03 Bloodlines
26:54 Husbandry
32:43 Imperial Age
31:53 Scale Barding Armor
31:59 Forging
32:04 Leather Archer Armor
32:35 Husbandry
33:34 Bracer
33:41 Elite Steppe Lancer
34:51 Conscription
36:30 Chain Barding Armor
36:57 Iron Casting
37:31 Wheelbarrow
36:41 Town Watch
Connection lost

Rejoining the realm…

Still unreachable

The connection could not be restored.

Session expired

The server has moved on; the page needs a fresh start.